 Dungeon Crawl Stone Soup version 0.26.1-10-gdfb7c7de75 (webtiles) character file.

Game seed: 10685391966922408116

18489 MalarOregon the Nimble (level 12, -4/82 HPs)
             Began as a Halfling Earth Elementalist on Mar 31, 2021.
             Was an Elder of Fedhas.
             Slain by a death yak (26 damage)
             ... on level 1 of the Lair of Beasts on Apr 1, 2021.
             The game lasted 00:48:26 (23649 turns).

MalarOregon the Nimble (HaEE)                      Turns: 23649, Time: 00:48:26

Health: -4/82      AC:  6    Str: 15    XL:     12   Next: 95%
Magic:  21/21      EV: 21    Int: 17    God:    Fedhas [****..]
Gold:   586        SH:  5    Dex: 16    Spells: 4/24 levels left

rFire    . . .     SeeInvis .   D - +0 trident (venom)
rCold    . . .     Faith    .   (shield currently unavailable)
rNeg     . . .     Spirit   .   E - +0 leather armour {Will+}
rPois    .         Reflect  +   L - +0 hat
rElec    .         Harm     .   B - +0 cloak
rCorr    .         Rampage  .   j - +0 pair of gloves
Will     +....                  p - +0 pair of boots
Stlth    ++........             l - amulet of reflection
HPRegen  0.23/turn              A - +6 ring of strength
MPRegen  0.17/turn              (no ring)

@: no status effects
A: small, mutation resistance 1
a: Renounce Religion, Wall of Briars, Grow Ballistomycete, Overgrow


You were on level 1 of the Lair of Beasts.
You worshipped Fedhas.
Fedhas was greatly pleased with you.
You visited 3 branches of the dungeon, and saw 14 of its levels.

You collected 586 gold pieces.

Inventory:

Hand Weapons
 t - a +0 dagger of draining
   (You took it off a big kobold on level 2 of the Dungeon)
 D - a +0 trident of venom (weapon)
   (You took it off an orc priest on level 6 of the Dungeon)
 P - a +1 trident of freezing
   (You took it off a gnoll sergeant on level 11 of the Dungeon)
 R - a +1 scimitar of flaming
   (You took it off an efreet on level 10 of the Dungeon)
Missiles
 b - 22 stones
 f - 22 poisoned darts
 g - a throwing net {!f}
 u - 3 datura-tipped darts
Armour
 j - a +0 pair of gloves (worn)
   (You found it on level 1 of the Dungeon)
 p - a +0 pair of boots (worn)
   (You found it on level 2 of the Dungeon)
 B - a +0 cloak (worn)
   (You took it off Crazy Yiuf on level 5 of the Dungeon)
 E - a +0 leather armour of willpower (worn)
   (You took it off an orc on level 6 of the Dungeon)
 L - a +0 hat (worn)
   (You found it on level 10 of the Dungeon)
 Q - a +0 kite shield
   (You took it off a gnoll sergeant on level 11 of the Dungeon)
Jewellery
 i - an uncursed ring of protection from fire
   (You took it off a kobold on level 3 of the Dungeon)
 l - an amulet of reflection (around neck)
   (You found it on level 1 of the Dungeon)
 A - a +6 ring of strength (left hand)
   (You found it on level 1 of the Dungeon)
 F - an uncursed ring of poison resistance
   (You took it off an orc on level 9 of the Dungeon)
Wands
 d - a wand of iceblast (17)
   (You took it off an orc warrior on level 9 of the Dungeon)
 o - a wand of polymorph (4)
   (You found it on level 6 of the Dungeon)
 x - a wand of acid (6)
   (You took it off an orc on level 7 of the Dungeon)
Scrolls
 a - 4 scrolls of teleportation {@r4}
 c - 6 scrolls of magic mapping
 e - a scroll of vulnerability {unknown}
 q - 2 scrolls of fog
 r - a scroll of enchant weapon {unknown}
 y - a scroll of fear
 z - 4 scrolls of remove curse {@r2}
 C - a scroll of noise {unknown}
 G - a scroll of random uselessness {unknown}
 I - a scroll of holy word {unknown}
 J - a scroll of immolation {unknown}
 M - a scroll of enchant armour {unknown}
 N - a scroll of brand weapon {unknown}
 S - a scroll of identify {@r1}
Potions
 h - 3 potions of brilliance
 k - 4 potions of lignification {!q}
 m - 2 potions of heal wounds {@q2}
 n - a potion of attraction {unknown}
 s - 4 potions of flight
 v - a potion of curing {@q1}
 w - 2 potions of invisibility
 H - 4 potions of berserk rage
 K - a potion of might {unknown}
 O - a potion of magic {unknown}


   Skills:
 + Level 7.8 Fighting
 + Level 7.5 Polearms
 + Level 2.7 Armour
 + Level 9.7 Dodging
 - Level 2.1 Stealth
 + Level 6.6 Spellcasting
 - Level 0.5 Transmutations
 * Level 9.5 Earth Magic
 + Level 7.4 Invocations


You had 4 spell levels left.
You knew the following spells:

 Your Spells              Type           Power        Failure   Level
a - Sandblast             Erth           76%          1%          1
b - Petrify               Tmut/Erth      22%          19%         4
c - Lee's Rapid Deconstr  Erth           19%          9%          5
d - Bolt of Magma         Conj/Fire/Erth 8%           73%         5
q - Passwall              Tmut/Erth      18%          2%          2
x - Stone Arrow           Conj/Erth      42%          6%          3

Your spell library contained the following spells:

 Spells                   Type           Power        Failure   Level
 Magic Dart               Conj           20%          16%         1
 Leda's Liquefaction      Hex/Erth       10%          21%         4
 Blink                    Tloc           N/A          22%         2
 Call Imp                 Summ           5%           22%         2
 Slow                     Hex            5%           22%         2
 Conjure Flame            Conj/Fire      5%           41%         3
 Mephitic Cloud           Conj/Pois/Air  5%           41%         3
 Statue Form              Tmut/Erth      14%          96%         6
 Iron Shot                Conj/Erth      10%          97%         6
 Shatter                  Erth           19%          100%        9


Dungeon Overview and Level Annotations

Branches:
Dungeon (11/15)            Temple (1/1) D:5            Lair (2/6) D:11
    Orc (0/2) D:9
  Swamp: Lair:2-4    Shoals: Lair:2-4     Snake: Lair:2-4    Spider: Lair:2-4

Altars:
Ashenzari
Cheibriados
Dithmenos
Elyvilon
Fedhas
Gozag
Hepliaklqana
Kikubaaqudgha
Makhleb
Nemelex Xobeh
Okawaru
Qazlal
Ru
Sif Muna
Trog
Uskayaw
Vehumet
Wu Jian
Xom
Yredelemnul
Zin
The Shining One

Shops:
D:4 (   D:6 ?   D:9 :   D:11 }

Annotations:
D:4 Edmund
D:8 exclusion: ice statue
Lair:1 3 runed translucent doors, kalagan's ghost, journeyman DECj


Innate Abilities, Weirdness & Mutations

You are small and have problems with some larger weapons.
You are somewhat resistant to further mutation.


Message History

The death yak gores you!
* * * LOW HITPOINT WARNING * * *
You reach to attack!
You barely miss the death yak. You barely miss the death yak.
The death yak closely misses you.
There is a staircase back to the Dungeon, spattered with blood here.
You puncture the death yak!
The death yak looks as sick as possible!
The death yak gores you!
* * * LOW HITPOINT WARNING * * *
The death yak gores you!
* * * LOW HITPOINT WARNING * * *
The death yak looks more healthy.
You are too injured to fight recklessly!
You walk carefully through the plants.
You block the death yak's attack.
There is a staircase back to the Dungeon, spattered with blood here.
You climb upwards.
Welcome back to the Dungeon!
There is a staircase to the Lair here.
You start resting.
Unknown command.
You start resting.
Unknown command.
You climb downwards.
Welcome back to the Lair of Beasts!
Level annotation: 3 runed translucent doors, kalagan's ghost, journeyman DECj The death yak gores you!!
There is a staircase back to the Dungeon, spattered with blood here.
You hit the death yak. The death yak barely misses you.
You hit the death yak.
The death yak is poisoned.
The death yak gores you!!
You hit the death yak but do no damage.
The death yak looks as sick as possible!
The death yak gores you.
* * * LOW HITPOINT WARNING * * *
The rime drake hisses angrily.
The death yak looks more healthy.
You puncture the death yak! The death yak gores you.
* * * LOW HITPOINT WARNING * * *
You are too injured to fight recklessly!
You barely miss the death yak. The death yak completely misses you.
Unknown command.
You puncture the death yak!
The death yak is poisoned.
The death yak barely misses you.
You hit the death yak but do no damage. The death yak misses you.
You hit the death yak but do no damage.
The death yak looks even sicker.
The death yak gores you but does no damage.
Unknown command.
The death yak looks more healthy.
You barely miss the death yak. The death yak gores you!!
* * * LOW HITPOINT WARNING * * *
You puncture the death yak! The death yak gores you!!
You die...
Fedhas appreciates your contribution to the ecosystem.

.# #........## ###.......###
.# #.......P# #.........#
.####.......## ##.........##
..#.#......#.###...........#
....##....#####...........##
........######..........>.#
###......P#.##............#
# ###.......##............##
# ####.......Y@.....##...#
###...........##..###
###........###..#
#.##.#...####..# ##...#.###
#...# ##...## ##..# #P.P##
#..# #..## ##..# ####..#
#...#


You could see a death yak.

Vanquished Creatures
  A hydra (Lair:1)
  2 two-headed ogres
  A death yak (Lair:1)
  An unseen horror (D:11)
  A cyclops (D:11)
  A black mamba (Lair:2)
  2 cane toads
  2 komodo dragons
  An efreet (D:10)
  6 ice devils (D:8)
  2 trolls
  A polar bear (Lair:1)
  Grinder (D:5)
  3 blink frogs (Lair:1)
  Sigmund (D:3)
  A wraith (D:11)
  16 yaks
  A wyvern (D:10)
  A basilisk (Lair:1)
  An acid dragon (D:11)
  4 water moccasins (Lair:1)
  3 orc warriors (D:9)
  3 sky beasts (D:10)
  4 black bears
  An eye of draining (D:11)
  2 ice beasts
  4 phantoms
  5 wolves (Lair:1)
  9 centaurs
  12 ogres
  6 big kobolds
  8 bullfrogs
  4 gnoll sergeants
  2 wyvern zombies
  A wyvern skeleton (D:9)
  16 killer bees
  2 scorpions
  4 howler monkeys
  A centaur zombie (D:11)
  4 hounds
  2 jellies (D:8)
  An orc wizard (D:8)
  2 quasits
  A centaur skeleton (D:7)
  3 iron imps (D:4)
  A bullfrog skeleton (D:11)
  7 orc priests
  Crazy Yiuf (D:5)
  3 iguanas
  7 worker ants
  A hound skeleton (D:7)
  A worker ant zombie (D:9)
  14 gnolls
  9 adders
  A howler monkey skeleton (D:6)
  6 shadow imps
  3 white imps
  6 ufetubi (D:8)
  2 oozes
  An adder skeleton (D:8)
  5 worms
  A dart slug (D:1)
  8 leopard geckos
  33 orcs
  6 giant cockroaches
  9 goblins
  7 hobgoblins
  11 jackals
  13 kobolds
  5 quokkas
  2 ball pythons
  8 bats
  4 frilled lizards
  A leopard gecko zombie (D:8)
  A quokka zombie (D:7)
  4 rats (D:3)
  2 ballistomycete spores (Lair:1)
333 creatures vanquished.

Vanquished Creatures (collateral kills)
  14 ballistomycete spores (Lair:1)
14 creatures vanquished.

Vanquished Creatures (others)
  10 fungi
  20 plants
30 creatures vanquished.

Grand Total: 377 creatures vanquished

Notes
Turn   | Place    | Note
-------+----------+-------------------------------------------
     0 | D:1      | MalarOregon the Halfling Earth Elementalist began the quest
                  | for the Orb.
     0 | D:1      | Reached XP level 1. HP: 11/11 MP: 3/3
   100 | D:1      | Reached XP level 2. HP: 6/18 MP: 0/4
   801 | D:1      | Reached XP level 3. HP: 22/22 MP: 3/5
  1201 | D:2      | Reached skill level 1 in Fighting
  1752 | D:2      | Found a white marble altar of Elyvilon.
  1914 | D:2      | Reached XP level 4. HP: 28/28 MP: 5/7
  2413 | D:3      | Reached XP level 5. HP: 31/33 MP: 8/8
  2466 | D:3      | Noticed a big kobold
  2469 | D:3      | Noticed a big kobold
  2522 | D:3      | Killed a big kobold
  2604 | D:2      | Killed a big kobold
  2605 | D:2      | Reached skill level 1 in Polearms
  2605 | D:2      | Reached XP level 6. HP: 17/36 MP: 5/9
  3240 | D:3      | Noticed Sigmund
  3385 | D:3      | Killed Sigmund
  3386 | D:3      | Reached XP level 7. HP: 38/45 MP: 5/11
  4373 | D:4      | Reached XP level 8. HP: 52/52 MP: 7/12
  4442 | D:4      | Learned a level 2 spell: Passwall
  4446 | D:4      | Learned a level 3 spell: Stone Arrow
  4451 | D:4      | Learned a level 4 spell: Petrify
  4573 | D:4      | Found Xutyk's Antique Weapon Boutique.
  4636 | D:4      | Noticed Edmund
  5043 | D:4      | Found a burning altar of Makhleb.
  5072 | D:4      | Reached skill level 5 in Earth Magic
  5084 | D:4      | Reached skill level 5 in Dodging
  5153 | D:5      | Entered Level 5 of the Dungeon
  5177 | D:5      | Noticed Grinder
  6057 | D:5      | Paralysed by Grinder for 2 turns
  6062 | D:5      | Killed Grinder
  6063 | D:5      | Reached XP level 9. HP: 58/58 MP: 6/14
  6238 | D:5      | Found a staircase to the Ecumenical Temple.
  6485 | D:5      | Found a runed translucent door.
  6486 | D:5      | Noticed Crazy Yiuf
  6661 | Temple   | Entered the Ecumenical Temple
  6902 | Temple   | Became a worshipper of Fedhas Madash
  7116 | D:5      | Killed Crazy Yiuf
  7294 | D:6      | Found Aroav's Magic Scroll Boutique.
  7317 | D:6      | Found the +3 hat of Pondering {ponderous, Will+ MP+10
                  | Int+5}
  7586 | D:6      | Reached skill level 1 in Invocations
  7865 | D:6      | Found a shadowy altar of Dithmenos.
  8208 | D:6      | Found an ornate altar of the Wu Jian Council.
  8209 | D:6      | Found a glowing golden altar of the Shining One.
  8209 | D:6      | Found an iron altar of Okawaru.
  8209 | D:6      | Found a sparkling altar of Nemelex Xobeh.
  8210 | D:6      | Found a basalt altar of Yredelemnul.
  9319 | D:7      | Reached * piety under Fedhas
  9535 | D:7      | Reached skill level 5 in Fighting
  9741 | D:7      | Reached XP level 10. HP: 66/66 MP: 11/16
 10059 | D:8      | Noticed an ice devil
 10064 | D:8      | Noticed an ice devil
 10065 | D:8      | Noticed an ice statue
 10066 | D:8      | Noticed an ice devil
 10067 | D:8      | Noticed an ice devil
 10067 | D:8      | Noticed an ice devil
 10380 | D:8      | Noticed an ice devil
 10407 | D:8      | Reached ** piety under Fedhas
 10845 | D:8      | Killed an ice devil
 10846 | D:8      | Reached skill level 5 in Polearms
 11133 | D:8      | Killed an ice devil
 11156 | D:8      | Killed an ice devil
 11197 | D:8      | Killed an ice devil
 11198 | D:8      | Reached skill level 5 in Spellcasting
 11291 | D:8      | Killed an ice devil
 11412 | D:8      | Killed an ice devil
 12319 | D:9      | Found Ceunatat's Book Shoppe.
 12505 | D:9      | Reached XP level 11. HP: 8/72 MP: 14/18
 12781 | D:9      | Found a snail-covered altar of Cheibriados.
 12919 | D:9      | Found a staircase to the Orcish Mines.
 12940 | D:9      | Reached skill level 5 in Invocations
 12971 | D:9      | Reached *** piety under Fedhas
 13988 | D:9      | Learned a level 5 spell: Lee's Rapid Deconstruction
 14060 | D:10     | Entered Level 10 of the Dungeon
 14524 | D:10     | Noticed a two-headed ogre
 14553 | D:10     | Killed a two-headed ogre
 15853 | D:11     | Reached **** piety under Fedhas
 15912 | D:11     | Killed an unseen horror
 16376 | D:11     | Noticed a two-headed ogre
 16388 | D:11     | Killed a two-headed ogre
 16389 | D:11     | Reached XP level 12. HP: 74/81 MP: 9/21
 17116 | D:11     | Found a staircase to the Lair.
 17476 | D:11     | Found Qaastran's Gadget Shop.
 17921 | D:11     | Learned a level 5 spell: Bolt of Magma
 17989 | Lair:1   | Entered Level 1 of the Lair of Beasts
 18046 | Lair:1   | Noticed a seven-headed hydra
 18757 | Lair:1   | Reached skill level 1 in Armour
 19164 | Lair:1   | Noticed kalagan's ghost (journeyman DECj)
 19235 | Lair:1   | HP: 4/81 [yak (11)]
 19682 | Lair:1   | Found a runed translucent gate.
 19682 | Lair:1   | Found a runed translucent gate.
 19682 | Lair:1   | Found a runed translucent gate.
 21947 | Lair:1   | Killed a one-headed hydra
 23083 | Lair:2   | Noticed a death yak
 23083 | Lair:2   | Noticed a death yak
 23093 | Lair:2   | Noticed a death yak
 23095 | Lair:2   | Noticed a death yak
 23117 | Lair:1   | Killed a death yak
 23649 | Lair:1   | Slain by a death yak

Illustrated notes

Levels and vault maps discovered:
D:1:      amcnicky_arrival_abandoned_market, layout_basic
D:2:      layout_rooms, nicolae_overflow_crystal_walls, minmay_misc_feat_five
D:3:      cheibrodos_thug_alley, layout_rooms, uniq_sigmund
D:4:      layout_basic, demons_altar, serial_shops, shop, uniq_edmund
D:5:      layout_loops_ring, temple_fountains, minmay_misc_feat_chi,
          uniq_crazy_yiuf_cottage, uniq_grinder
D:6:      layout_basic, nicolae_dithmenos_through_a_glass_darkly, minitemple,
          serial_shops, nicolae_shop_statue_plus
D:7:      layout_loops_ring, minivault_4
D:8:      cheibrodos_frozen_isle, layout_gridville
D:9:      layout_roguey, lemuel_crystal_altar,
          kennysheep_orc_monster_closet_entryway, serial_shops, shop
D:10:     layout_basic
D:11:     layout_loops_corners, david_lair_shrubbed, serial_shops,
          kennysheep_mini_moat
Temple:   nicolae_temple_figure_eight
Lair:1:   layout_cave_pods, gammafunk_ghost_icy
Lair:2:   layout_concentric_octagons, swamp_mist

Skill      XL: |  1  2  3  4  5  6  7  8  9 10 11 12 |
---------------+-------------------------------------+-----
Fighting       | 1 2 3 4 5 6 7 |  7.8
Spellcasting   | 2 3 4 5 6 |  6.6
Dodging        | 3 4 5 6 7 8 9 |  9.7
Polearms       | 1 2 3 4 5 6 7 |  7.5
Earth Magic    | 4 5 6 7 8 9 |  9.5
Invocations    | 3 4 6 7 |  7.4
Armour         | 2 |  2.7
Stealth        | |  2.1
Transmutations | |  0.5

Action                   |  1- 3 |  4- 6 |  7- 9 | 10-12 || total
-------------------------+-------+-------+-------+-------++-------
Melee: Dagger            |    15 |   116 |    39 |       ||   170
       Unarmed           |     1 |       |       |       ||     1
       Spear             |       |    64 |       |       ||    64
       Trident           |       |       |   206 |   825 ||  1031
       Scimitar          |       |       |       |    14 ||    14
Throw: Dart              |       |    15 |    10 |     3 ||    28
 Cast: Sandblast         |    48 |    42 |   128 |    94 ||   312
       Passwall          |       |       |     1 |       ||     1
       Stone Arrow       |       |       |     8 |   134 ||   142
       Petrify           |       |       |       |     3 ||     3
Invok: Wall of Briars    |       |       |       |     2 ||     2
       Grow Ballistomyce |       |       |       |     1 ||     1
  Use: Scroll            |       |       |    12 |     6 ||    18
       Potion            |       |       |     1 |     4 ||     5
 Stab: Sleeping          |     2 |     2 |     2 |     7 ||    13
       Distracted        |       |       |     2 |       ||     2
       Petrified         |       |       |       |     5 ||     5
       Confused          |       |       |       |     2 ||     2
       Petrifying        |       |       |       |     1 ||     1
Armor: Robe              |     2 |       |       |       ||     2
       Ring mail         |    14 |    80 |    53 |       ||   147
       Skin              |       |       |     8 |     1 ||     9
       Leather armour    |       |       |       |   100 ||   100
Dodge: Dodged            |    38 |   200 |   265 |   632 ||  1135
Block: Other             |       |       |    72 |   159 ||   231
       Reflection        |       |       |     4 |     7 ||    11
       Rpst.: Scimitar   |       |       |       |     2 ||     2
